 Dungeon Crawl Stone Soup version 0.26.1-11-gd32895ea62 (webtiles) character file.

Game seed: 1056960425541642593

6759 ABBCCCDDDD the Basher (level 11, -1/73 HPs)
             Began as a Kobold Berserker on July 8, 2021.
             Was a High Priest of Trog.
             Splashed by Sonja's acid (9 damage)
             ... on level 10 of the Dungeon.
             The game lasted 00:15:39 (10934 turns).

ABBCCCDDDD the Basher (Kobold Berserker)           Turns: 10934, Time: 00:15:39

Health: -1/73      AC:  2    Str: 18    XL:     11   Next: 24%
Magic:  11/11      EV: 15    Int:  9    God:    Trog [*****.]
Gold:   688        SH:  0    Dex: 14    Spells: 10/10 levels left

rFire    . . .     SeeInvis .   e - +2 flail (protect)
rCold    . . .     Faith    .   (shield restricted)
rNeg     . . .     Spirit   .   a - +3 leather armour
rPois    .         Reflect  .   w - +0 helmet
rElec    .         Harm     .   b - +0 cloak
rCorr    .         Rampage  .   k - +1 pair of gloves
Will     ++...                  (no boots)
Stlth    +++.......             t - amulet of regeneration
HPRegen  1.62/turn              C - ring of stealth
MPRegen  0.12/turn              (no ring)

@: corroded, berserk cooldown, regenerating, slowed, very slow
A: small, nightstalker 3
a: Renounce Religion, Berserk, Trog's Hand, Brothers in Arms


You were on level 10 of the Dungeon.
You worshipped Trog.
Trog was extremely pleased with you.
You visited 1 branch of the dungeon, and saw 10 of its levels.

You collected 688 gold pieces.

Inventory:

Hand Weapons
 e - a +2 flail of protection (weapon)
 g - a +2 dagger of electrocution
 D - a +3 whip
 J - a +1 scimitar of flaming
Missiles
 o - 3 boomerangs of dispersal
 p - 5 poisoned darts (quivered)
 u - 218 stones
Armour
 a - a +3 leather armour (worn)
 b - a +0 cloak (worn)
 k - a +1 pair of gloves (worn)
 w - a +0 helmet (worn)
 x - a +0 plate armour
 H - a +1 ring mail of willpower
Jewellery
 t - an amulet of regeneration (around neck)
 C - a ring of stealth (left hand)
Wands
 m - a wand of flame (9)
 v - a wand of digging (6)
 G - a wand of polymorph (16)
 M - a wand of enslavement (9)
Scrolls
 c - 6 scrolls of identify
 d - 6 scrolls of remove curse
 h - 2 scrolls of blinking
 i - 4 scrolls of teleportation
 n - 2 scrolls of enchant weapon
 y - a scroll of magic mapping
 A - a scroll of fog {unknown}
 E - a scroll of amnesia {unknown}
 I - 2 scrolls of enchant armour {unknown}
Potions
 f - 2 potions of resistance {unknown}
 j - 3 potions of heal wounds
 l - 4 potions of curing
 q - a potion of ambrosia {unknown}
 r - a potion of lignification {unknown}
 s - 2 potions of might {unknown}
 z - 2 potions of flight {unknown}
 B - 2 potions of haste {unknown}
 F - a potion of attraction {unknown}
 K - a potion of cancellation {unknown}
 N - 3 potions of mutation {unknown}
 O - a potion of magic {unknown}
Miscellaneous
 L - a lightning rod (4/4)


   Skills:
 + Level 10.8 Fighting
 + Level 11.0 Maces & Flails
 - Level 1.5 Armour
 - Level 2.4 Dodging
 - Level 8.0 Evocations


You had 10 spell levels left.
You didn't know any spells.
Your spell library was empty.

Dungeon Overview and Level Annotations

Branches:
Dungeon (10/15)            Temple (0/1) D:7
   Lair: D:8-11         Orc: D:9-12

Altars:
Dithmenos
Elyvilon
Hepliaklqana
Trog
Vehumet

Annotations:
D:3 Jessica
D:10 Sonja


Innate Abilities, Weirdness & Mutations

You are small and have problems with some larger weapons.
You are completely attuned to the shadows.


Message History

You feel a strong urge to attack something.
Sonja zaps a wand.
The bolt of acid hits you. The acid corrodes you!
You are splashed with acid!
You feel your anger nearly subside.
You are no longer berserk.
You are exhausted.
You feel yourself slow down.
Sonja zaps a wand.
The bolt of acid hits you!
You are splashed with acid!
There is a stone staircase leading up here.
Blink to where?
Press: ? - help, Dir - move target
As you read the scroll of blinking, it crumbles to dust.
Sonja throws a curare-tipped dart.
The curare-tipped dart hits you.
You are poisoned.
You have difficulty breathing.
* * * LOW HITPOINT WARNING * * *
You feel as though you will be slow longer.
You feel better.
Sonja zaps a wand.
The bolt of acid hits you!!
* * * LOW HITPOINT WARNING * * *
You are splashed with acid!
You die...

.................#.......
......#.#......#.........
.#....###...#..##.##.....
.#.....###..#......#.....
.....#...................
.[.###................
..## #.........##........
..# #.........>#........
..# #...<......@........
.## #......###..........
.# #......##......K....
.#####...................
..#......................
....####[.....#..........
.....##..................
....####..###.........
....####.## ...


You could see Sonja.

Vanquished Creatures
  Erica (D:9)
  A two-headed ogre (D:8)
  Maggie (D:7)
  Grinder (D:6)
  5 yaks (D:9)
  Sigmund (D:5)
  2 wraiths
  2 orc warriors
  2 ice beasts
  A sky beast (D:8)
  A black bear (D:7)
  A necrophage (D:8)
  5 ogres
  4 centaurs
  2 big kobolds
  3 bullfrogs
  3 scorpions
  3 killer bees (D:7)
  8 wights
  2 centaur zombies
  A jelly (D:5)
  10 orc priests
  Crazy Yiuf (D:5)
  2 bullfrog skeletons
  4 hounds
  3 centaur skeletons
  8 orc wizards
  3 iguanas
  8 worker ants
  Robin (D:3)
  9 adders
  A shadow imp (D:7)
  A white imp (D:5)
  An ufetubus (D:6)
  3 oozes
  3 adder skeletons
  An adder zombie (D:5)
  5 worms
  6 leopard geckos
  56 orcs
  6 giant cockroaches
  26 goblins
  6 hobgoblins
  17 jackals
  17 kobolds
  2 quokkas (D:7)
  A ball python (D:1)
  7 bats
  3 frilled lizards
  A quokka skeleton (D:4)
  11 rats
273 creatures vanquished.

Vanquished Creatures (others)
  12 plants (D:6)
12 creatures vanquished.

Grand Total: 285 creatures vanquished

Notes
Turn   | Place    | Note
-------+----------+-------------------------------------------
     0 | D:1      | ABBCCCDDDD the Kobold Berserker began the quest for the
                  | Orb.
     0 | D:1      | Reached XP level 1. HP: 14/14 MP: 1/1
    82 | D:1      | Reached skill level 3 in Maces & Flails
    84 | D:1      | Reached XP level 2. HP: 19/19 MP: 2/2
   537 | D:1      | Reached XP level 3. HP: 15/23 MP: 3/3
   554 | D:1      | Reached ** piety under Trog
  1063 | D:2      | Reached skill level 4 in Maces & Flails
  1196 | D:2      | Reached XP level 4. HP: 27/28 MP: 4/4
  1787 | D:3      | Found a shadowy altar of Dithmenos.
  2191 | D:3      | Reached XP level 5. HP: 32/32 MP: 5/5
  2462 | D:3      | Noticed Jessica
  2570 | D:3      | Reached skill level 5 in Maces & Flails
  2929 | D:3      | Reached XP level 6. HP: 28/37 MP: 6/6
  3147 | D:3      | Reached *** piety under Trog
  3197 | D:3      | Noticed Robin
  3207 | D:3      | Killed Robin
  3208 | D:3      | Reached skill level 6 in Maces & Flails
  4817 | D:4      | Noticed an ogre
  4828 | D:4      | Killed an ogre
  4829 | D:4      | Reached XP level 7. HP: 30/41 MP: 7/7
  5097 | D:4      | Reached skill level 7 in Maces & Flails
  5232 | D:5      | Entered Level 5 of the Dungeon
  5389 | D:5      | Found a radiant altar of Vehumet.
  5549 | D:5      | Reached XP level 8. HP: 48/48 MP: 8/8
  5692 | D:5      | Noticed Sigmund
  5707 | D:5      | Killed Sigmund
  5707 | D:5      | Reached **** piety under Trog
  5708 | D:5      | Reached skill level 5 in Fighting
  5708 | D:5      | Reached skill level 8 in Maces & Flails
  6141 | D:5      | Found a runed translucent door.
  6144 | D:5      | Noticed Crazy Yiuf
  6151 | D:5      | Killed Crazy Yiuf
  6360 | D:6      | Reached XP level 9. HP: 56/56 MP: 9/9
  6475 | D:6      | Reached skill level 1 in Evocations
  6731 | D:6      | Noticed Grinder
  6741 | D:6      | Killed Grinder
  6742 | D:6      | Reached skill level 9 in Maces & Flails
  7890 | D:7      | Found a white marble altar of Elyvilon.
  7992 | D:7      | Found a staircase to the Ecumenical Temple.
  7992 | D:7      | Noticed Maggie
  8010 | D:7      | Killed Maggie
  8011 | D:7      | Reached skill level 5 in Evocations
  8011 | D:7      | Reached XP level 10. HP: 64/64 MP: 10/10
  8963 | D:8      | Reached skill level 10 in Maces & Flails
  9103 | D:8      | Noticed a two-headed ogre
  9110 | D:8      | Killed a two-headed ogre
  9184 | D:8      | Reached ***** piety under Trog
  9386 | D:8      | Found a hazy altar of Hepliaklqana.
  9827 | D:9      | Noticed Erica
  9842 | D:9      | Killed Erica
  9843 | D:9      | Reached skill level 10 in Fighting
  9843 | D:9      | Reached XP level 11. HP: 67/72 MP: 11/11
 10594 | D:9      | Received a gift from Trog
 10595 | D:9      | Reached skill level 11 in Maces & Flails
 10662 | D:9      | Found a bloodstained altar of Trog.
 10740 | D:10     | Entered Level 10 of the Dungeon
 10924 | D:10     | Noticed Sonja
 10934 | D:10     | Splashed by Sonja's acid

Illustrated notes

Levels and vault maps discovered:
D:1:      nicolae_arrival_washed_ashore, layout_basic, hangedman_decor_push,
          minmay_pentomino_v2
D:2:      layout_loops_ring
D:3:      kennysheep_goblin_castle, layout_loops_corners,
          grunt_dithmenos_smoke_and_mirrors, tgw_sif
D:4:      layout_loops_corners
D:5:      layout_rooms, vehumet_crystals, uniq_sigmund, uniq_crazy_yiuf_cottage
D:6:      layout_loops_cross, serial_co_window_serial, co_window_corner_a,
          co_window_paths_a, co_window_paths_b, co_window_paths_a,
          co_window_paths_a, co_window_of_opportunity_c, co_window_paths_c,
          co_window_unsneaky_path_e, co_window_corner_cb, co_window_2corner,
          co_window_sun, co_window_paths_d, glass_columns_b, glass_columns_b,
          glass_columns_c, glass_columns_a, minmay_misc_feat_room,
          serial_bayou_pond_a, uniq_grinder
D:7:      layout_cave_pools, kennysheep_mini_moat,
          nicolae_overflow_hidden_temple, minmay_temple_entry_large_hall,
          serial_co_window_serial, co_window_paths_b, co_window_paths_b,
          co_window_paths_a, co_window_paths_b, co_window_paths_b,
          co_window_unsneaky_path_a, co_window_broadway_c, co_window_2corner,
          kennysheep_generic_room_10, uniq_maggie
D:8:      layout_basic, general_overflow_altar, special_room [special_room_orc]
D:9:      layout_basic, overflow_temple_1_default, uniq_erica
D:10:     layout_cave_pools, serial_shops, nicolae_shop_crystal, uniq_nergalle,
          uniq_sonja, uniq_joseph, uniq_maurice

Skill      XL: |  1  2  3  4  5  6  7  8  9 10 11 |
---------------+----------------------------------+-----
Maces & Flails | 3 4 5 6 7 8 9 10 11 | 11.0
Fighting       | 4 6 8 10 | 10.8
Evocations     | 5 8 |  8.0
Armour         | |  1.5
Dodging        | |  2.4

Action                   |  1- 3 |  4- 6 |  7- 9 | 10-12 || total
-------------------------+-------+-------+-------+-------++-------
Melee: Mace              |   102 |   231 |    72 |       ||   405
       Flail             |       |       |   237 |   327 ||   564
Throw: Dart              |       |       |     1 |       ||     1
Invok: Berserk           |     1 |     5 |    10 |     4 ||    20
       Trog's Hand       |       |       |     3 |     2 ||     5
  Use: Scroll            |       |    11 |     1 |     2 ||    14
       Potion            |       |       |       |     1 ||     1
 Stab: Sleeping          |     3 |       |     4 |     5 ||    12
       Distracted        |     1 |       |       |     3 ||     4
Armor: Animal skin       |    16 |       |       |       ||    16
       Scale mail        |    19 |    94 |    54 |       ||   167
       Leather armour    |       |       |    80 |    88 ||   168
Dodge: Dodged            |   103 |   200 |   228 |   180 ||   711
